 Dungeon Crawl Stone Soup version 0.25-a0-294-gea9b1ad378 (webtiles) character file.

Game seed: 16830042556693459058, levelgen mode: deterministic

98 Anathary the Skirmisher (level 4, -16/37 HPs)
             Began as a Demonspawn Abyssal Knight on Dec 17, 2019.
             Was a Believer of Lugonu.
             Demolished by an ogre
             ... wielding a +0 giant club
              (23 damage)
             ... on level 3 of the Dungeon.
             The game lasted 00:08:22 (3134 turns).

Anathary the Skirmisher (Demonspawn Abyssal Knight) Turns: 3134, Time: 00:08:23

Health: -16/37     AC:  3    Str: 13    XL:     4   Next: 43%
Magic:  0/5        EV: 14    Int: 14    God:    Lugonu [**....]
Gold:   126        SH:  0    Dex: 12    Spells: 3/3 levels left

rFire    . . .     SeeInvis .   a - +1 falchion
rCold    . . .     Gourm    .   (no shield)
rNeg     . . .     Faith    .   b - +0 leather armour
rPois    .         Spirit   +   (no helmet)
rElec    .         Reflect  .   c - scarf {cloud immunity}
rCorr    .         Harm     .   (no gloves)
MR       .....                  (no boots)
Stlth    +.........             (no amulet)
HPRegen  0.12/turn              (no ring)
MPRegen  0.09/turn              (no ring)

@: lethally poisoned (-16 -> -18)
A: repulsion field 1, powered by death 1, magic shield
a: Depart the Abyss, Bend Space, Renounce Religion


You were on level 3 of the Dungeon.
You worshipped Lugonu.
Lugonu was pleased with you.
You were hungry.

You visited 1 branch of the dungeon, and saw 3 of its levels.
You visited the Abyss 1 time.

You collected 126 gold pieces.

Inventory:

Hand Weapons
 a - a +1 falchion (weapon)
Armour
 b - a +0 leather armour (worn)
 c - a scarf of cloud immunity (worn)
Scrolls
 d - 3 scrolls of teleportation {unknown}
 f - a scroll of enchant weapon {unknown}
 g - 3 scrolls of noise {unknown}
Potions
 e - 2 potions of curing {unknown}
 h - a potion of flight {unknown}
 i - a potion of berserk rage {unknown}
Comestibles
 j - a ration


   Skills:
 + Level 3.9 Fighting
 + Level 2.9 Long Blades
 + Level 2.1 Armour
 + Level 1.7 Dodging
 + Level 0.1 Stealth
 - Level 2.4 Invocations


You had 3 spell levels left.
You didn't know any spells.
Your spell library was empty.

Dungeon Overview and Level Annotations

Branches:
Dungeon (3/15)

Altars:
Ashenzari
Dithmenos
Nemelex Xobeh
Sif Muna
The Shining One


Innate Abilities, Weirdness & Mutations

You are surrounded by a mild repulsion field. (EV +2)
You regenerate a little health from kills.
When hurt, damage is shared between your health and your magic reserves.


Message History

You feel sick.
A ball python is nearby!
Things that are here:
a +0 club; 2 poisoned darts The ball python hisses angrily.
You feel sick. The ball python bites you.
* * * LOW HITPOINT WARNING * * *
The ball python misses you.
You hit the ball python.
You kill the ball python!
Lugonu accepts your kill.
An ogre comes into view. It is wielding a +0 giant club.
You are feeling hungry.
The ogre shouts!
You see here a ball python corpse.
You feel sick.
The ogre hits you with a +0 giant club!!
Ouch! That really hurt!
You die...

#############
##.....#.....##
##.............##
#...>...........#
#...............#
#...............#
#...............#
#...............#
.(
...#......O@.....#
... ..
##.<...#.....##....
.
#######.†.........
#...[.......
##.....##.#.
#.....# #
#)#.####..
#†#.......
##)#.(.....


You could see an ogre.

Vanquished Creatures
  2 adders
  An ooze (D:1)
  3 worms (D:2)
  A dart slug (D:1)
  2 leopard geckos (D:1)
  A ball python (D:3)
  7 bats
  4 giant cockroaches
  6 hobgoblins
  4 jackals (D:3)
  3 quokkas (D:2)
  6 frilled lizards (D:2)
  4 goblins
  10 kobolds
  5 rats
59 creatures vanquished.

Notes
Turn   | Place    | Note
-------+----------+-------------------------------------------
     0 | Abyss:1  | Anathary the Demonspawn Abyssal Knight began the quest for
                  | the Orb.
     0 | Abyss:1  | Reached XP level 1. HP: 18/18 MP: 2/2
    68 | Abyss:1  | Found a corrupted altar of Lugonu.
    97 | Abyss:1  | Found a corrupted altar of Lugonu.
   103 | D:1      | Escaped the Abyss
   383 | D:1      | Gained mutation: You are surrounded by a mild repulsion
                  | field. (EV +2) [demonic ancestry]
   383 | D:1      | Reached XP level 2. HP: 24/24 MP: 3/3
  1016 | D:1      | Reached skill level 1 in Dodging
  1083 | D:1      | Gained mutation: You regenerate a little health from kills.
                  | [demonic ancestry]
  1083 | D:1      | Reached XP level 3. HP: 27/29 MP: 4/4
  1995 | D:2      | Found a shadowy altar of Dithmenos.
  1995 | D:2      | Found a sparkling altar of Nemelex Xobeh.
  2004 | D:2      | Found a glowing golden altar of the Shining One.
  2023 | D:2      | Found a shattered altar of Ashenzari.
  2040 | D:2      | Reached ** piety under Lugonu
  2580 | D:2      | Gained mutation: When hurt, damage is shared between your
                  | health and your magic reserves. [demonic ancestry]
  2580 | D:2      | Reached XP level 4. HP: 18/37 MP: 5/5
  2876 | D:2      | Found a shimmering blue altar of Sif Muna.
  3130 | D:3      | Noticed an ogre
  3134 | D:3      | Demolished by an ogre

Levels and vault maps discovered:
D:1:      tarquinn_simple_flora_water_d, layout_basic
D:2:      layout_basic, lemuel_round_altar,
          chequers_temple_overflow_statue_of_worship, lemuel_crystal_altar,
          first_ration, evilmike_ruin_ashenzari
D:3:      layout_rooms, eat_drink_and_be_merry_uskayaw, bloody_makhleb

Skill      XL: |  1  2  3 |
---------------+----------+-----
Long Blades    | 2 |  2.9
Dodging        | 1 |  1.7
Armour         | 2 |  2.1
Fighting       | |  3.9
Stealth        | |  0.1
Invocations    | |  2.4

Action                   |  1- 3 |  4- 6 || total
-------------------------+-------+-------++-------
Melee: Falchion          |   138 |    41 ||   179
  Eat: Ration            |     2 |       ||     2
Armor: Leather armour    |    44 |     7 ||    51
Dodge: Dodged            |   108 |    48 ||   156
       Rpst.: Falchion   |    40 |    19 ||    59

Table legend:
 A = Non-vault XP
 B = Vault XP
 C = Vault XP percentage of total XP
 D = Non-vault monster count
 E = Vault monster count
 F = Vault count percentage of total count
                 A         B        C        D         E       F
            +---------+---------+-------+---------+---------+-------
      Total |     140 |       0 |   0.0 |      59 |       0 |   0.0
            +---------+---------+-------+---------+---------+-------
        D:1 |      46 |       0 |   0.0 |      21 |       0 |   0.0
        D:2 |      67 |       0 |   0.0 |      30 |       0 |   0.0
        D:3 |      27 |       0 |   0.0 |       8 |       0 |   0.0
            +---------+---------+-------+---------+---------+-------
